 Dungeon Crawl Stone Soup version 0.31-a0-102-g33a4ccc0cb (webtiles) character file.

Game seed: 17847534550468984009

51 pokeman the Magician (level 3, -7/20 HPs)
             Began as a Deep Elf Hedge Wizard on May 26, 2023.
             Mangled by a gnoll
             ... wielding a +0 halberd
              (11 damage)
             ... on level 2 of the Dungeon.
             The game lasted 00:03:41 (1364 turns).

pokeman the Magician (Deep Elf Hedge Wizard)        Turns: 1364, Time: 00:03:41

Health: -7/20      AC:  4    Str:  7    XL:     3   Next: 58%
Magic:  0/11       EV: 12    Int: 20    God:
Gold:   91         SH:  0    Dex: 14    Spells: 4/12 levels left

rFire   . . .        k - +0 dagger (venom)
rCold   . . .        (no shield)
rNeg    . . .        b - +0 robe
rPois   .            c - +0 hat
rElec   .            (no cloak)
rCorr   .            a - +1 pair of gloves
SInv    .            (no boots)
Will    .....        (no amulet)
Stlth   ++           (no ring)
HPRegen 0.23/turn    (no ring)
MPRegen 0.12/turn

%: no passive effects
@: very slightly contaminated
A: no striking features
a: no special abilities


You were on level 2 of the Dungeon.
You visited 1 branch of the dungeon, and saw 2 of its levels.

You collected 91 gold pieces.

Inventory:

Hand Weapons
 k - a +0 dagger of venom (weapon)
Armour
 a - a +1 pair of gloves (worn)
 b - a +0 robe (worn)
 c - a +0 hat (worn)
Jewellery
 f - a ring of protection from fire
 i - a ring of ice
 j - an amulet of guardian spirit
Scrolls
 g - a scroll of acquirement {unknown}
 h - 3 scrolls of identify {unknown}
Potions
 d - a potion of magic
 l - a potion of brilliance {unknown}
 m - a potion of resistance {unknown}


   Skills:
 + Level 1.0 Fighting
 + Level 1.0 Armour
 - Level 2.4 Dodging
 - Level 2.4 Stealth
 * Level 5.3 Spellcasting
 + Level 1.9 Conjurations
 - Level 1.1 Summonings
 - Level 1.1 Translocations


You had 4 spell levels left.
You knew the following spells:

 Your Spells              Type           Power      Damage    Failure   Level
a - Magic Dart            Conj           52%        1d5       4%          1
b - Mephitic Cloud        Conj/Pois/Air  4%         N/A       36%         3
c - Call Imp              Summ           18%        N/A       11%         2
d - Blink                 Tloc           18%        N/A       11%         2

Your spell library contained the following spells:

 Spells                   Type           Power      Damage    Failure   Level
 Slow                     Hex            20%        N/A       12%         1
 Cigotuvi's Dreadful Rot  Necr/Pois/Air  2%         N/A       24%         2


Dungeon Overview and Level Annotations

Branches:
Dungeon (2/15)

Altars:

Annotations:
D:1 Loot behind rock


Message History

You struggle against the net.
The gnoll closely misses you. The gnoll barely misses you.
You rip the net and break free!
The gnoll hits you with a +0 flail!
The gnoll hits you from afar with a +0 spear.
A hobgoblin comes into view.
The gnoll closely misses you.
You see here a +0 battleaxe.
Casting: Mephitic Cloud (astonishingly dangerous; 36% risk of failure)
Confirm with . or Enter, or press ? or * to list all spells.
The spell is astonishingly dangerous to miscast (36% risk of failure)!
Continue anyway?
Aiming: Mephitic Cloud (astonishingly dangerous; 36% risk of failure)
Press: ? - help, Shift-Dir - straight line, f - gnoll, p - gnoll
Aim: a gnoll, wielding a +0 flail (heavily wounded, chance to affect: 91%) That beam is likely to hit you.
Continue anyway?
You miscast Mephitic Cloud.
Nothing appears to happen.
The gnoll hits you with a +0 flail.
* * * LOW HITPOINT WARNING * * *
The gnoll misses you.
Unknown command.
Casting: Mephitic Cloud (astonishingly dangerous; 36% risk of failure)
Confirm with . or Enter, or press ? or * to list all spells.
You blink.
Unknown command.
You strike the helpless gnoll from behind!
You puncture the gnoll!
The gnoll is severely wounded.
The gnoll hits you from afar with a +0 halberd.
* * * LOW HITPOINT WARNING * * *
The gnoll hits the gnoll with a +0 club!
The gnoll is killed!
Your Fighting skill increases to level 1!
Your Armour skill increases to level 1!
You feel stable enough to blink again.
You aren't carrying any items that you can evoke.
As you read the scroll labelled ECOAKE SUATS, it crumbles to dust.
It is a scroll of enchant armour.
Your +0 pair of gloves glows green for a moment.
The gnoll hits you from afar with a +0 halberd!
Ouch! That really hurt!
You die...

#########
#...@...#
#.......#
#...g...#
#..†....#
#...g...# .#
#..g....#
.#.<
#....g..#
.#.#
####.####
.#.#
#.######....


You could see 3 gnolls and a hobgoblin.

Vanquished Creatures
  An adder (D:2)
  A gnoll (D:2)
  A worm (D:2)
  A dart slug (D:1)
  3 endoplasms
  A giant cockroach (D:2)
  3 goblins (D:1)
  6 hobgoblins (D:1)
  3 ball pythons
  A bat (D:1)
  A frilled lizard (D:1)
  3 kobolds
  2 rats
27 creatures vanquished.

Notes
Turn   | Place    | Note
-------+----------+-------------------------------------------
     0 | D:1      | pokeman the Deep Elf Hedge Wizard began the quest for the
                  | Orb.
     0 | D:1      | Reached XP level 1. HP: 10/10 MP: 7/7
   261 | D:1      | Reached XP level 2. HP: 16/16 MP: 5/9
  1000 | D:2      | Reached skill level 5 in Spellcasting
  1137 | D:2      | Reached XP level 3. HP: 20/20 MP: 6/11
  1141 | D:2      | Learned a level 3 spell: Mephitic Cloud
  1144 | D:2      | Learned a level 2 spell: Call Imp
  1147 | D:2      | Learned a level 2 spell: Blink
  1263 | D:2      | Found a faded altar of an unknown god.
  1362 | D:2      | Reached skill level 1 in Fighting
  1362 | D:2      | Reached skill level 1 in Armour
  1364 | D:2      | Mangled by a gnoll

Illustrated notes

Levels and vault maps discovered:
D:1:      amcnicky_arrival_feature_with_door, layout_rooms,
          chequers_serial_rivers_small_3, minmay_misc_feat_room,
          due_unseen_surprise
D:2:      layout_loops_cross, basic_ecumenical_altar

Skill      XL: |  1  2  3 |
---------------+----------+-----
Spellcasting   | 5 |  5.3
Fighting       | 1 |  1.0
Armour         | 1 |  1.0
Dodging        | |  2.4
Stealth        | |  2.4
Conjurations   | |  1.9
Summonings     | |  1.1
Translocations | |  1.1

Action                     || total
---------------------------++-------
  Melee: Dagger            ||    27
   Cast: Magic Dart        ||    77
         Mephitic Cloud    ||     1
         Blink             ||     1
    Use: Scroll            ||     1
   Stab: Confused          ||     1
 Armour: Robe              ||    13
  Dodge: Dodged            ||    43

Table legend: (Time is in decaauts)
 A = Elapsed time spent in this place.
 B = Non-inter-level travel time spent in this place.
 C = Inter-level travel time spent in this place.
 D = Time resting spent in this place.
 E = Time spent auto-exploring this place.
 F = Levels seen in this place.
 G = Mean time per level.
                   A        B        C        D        E       F      G
               +--------+--------+--------+--------+--------+-----+--------+
         Total |   1365 |   1357 |      8 |     61 |   1032 |   2 |  682.5 |
       Dungeon |   1365 |   1357 |      8 |     61 |   1032 |   2 |  682.5 |
               +--------+--------+--------+--------+--------+-----+--------+

Top non-repeatable levels by time:
     D:1: 984 daAuts
     D:2: 380 daAuts
